 Dungeon Crawl Stone Soup version 0.30-a0-165-g1891117ce2 (webtiles) character file.

Game seed: 6613873028877014703

4151 qw the Cleaver (level 10, -2/65 HPs)
             Began as a Gargoyle Fighter on Sept 28, 2022.
             Was a Believer of Okawaru.
             Slain by a vampire (5 damage)
             ... on level 8 of the Dungeon.
             The game lasted 00:02:52 (8170 turns).

qw the Cleaver (Gargoyle Fighter)                   Turns: 8170, Time: 00:02:53

Health: -2/65      AC: 26    Str: 28    XL:     10   Next: 27%
Magic:  13/13      EV: 12    Int:  9    God:    Okawaru [**....]
Gold:   142        SH:  0    Dex: 15    Spells: 9/9 levels left

rFire   x x .      SeeInvis .    l - +6 war axe of Jaczuugg {venom, rF- rC+ Str+4 Dex+6}
rCold   + + .      Faith    .    c - +0 buckler
rNeg    + . .      Spirit   .    e - +0 plate armour
rPois   inf        Reflect  .    s - +1 helmet
rElec   +          Harm     .    i - +1 cloak
rCorr   .          Rampage  .    j - +1 pair of gloves
Will    .....                    (no boots)
Stlth   ..........               (no amulet)
HPRegen 0.20/turn                p - +4 ring of evasion
MPRegen 0.13/turn                n - ring of ice

@: confused
A: sickness immunity, AC +7, negative energy resistance 1, electricity
resistance, torment resistance 1, petrification resistance
a: Renounce Religion, Heroism


You were on level 8 of the Dungeon.
You worshipped Okawaru.
Okawaru was pleased with you.
You visited 2 branches of the dungeon, and saw 9 of its levels.
You also visited: Sewer.

You collected 280 gold pieces.
You spent 138 gold pieces at shops.


Innate Abilities, Weirdness & Mutations

You are immune to sickness and miasma.
Your stone body is resilient. (AC +7)
You are immune to poison.
You resist negative energy. (rN+)
You are resistant to electric shocks. (rElec)
You are resistant to unholy torment.
You are immune to petrification.


   Skills:
 - Level 8.4 Fighting
 + Level 9.4 Axes
 - Level 2.0 Throwing
 - Level 6.3 Armour
 - Level 2.1 Dodging
 - Level 4.3 Shields
 - Level 4.0 Invocations


You had 9 spell levels left.
You didn't know any spells.
Your spell library was empty.

Inventory:

Hand Weapons
 g - a +0 war axe
 l - the +6 war axe of Jaczuugg (weapon) {venom, rF- rC+ Str+4 Dex+6}
   (You acquired it on level 3 of the Dungeon)

   It poisons the flesh of those it strikes.
   Str:       It affects your strength (+4).
   Dex:       It affects your dexterity (+6).
   rF:        It makes you vulnerable to fire.
   rC:        It protects you from cold.
 u - a +1 morningstar of protection
Missiles
 o - 3 javelins (quivered)
 q - 10 boomerangs
Armour
 c - a +0 buckler (worn)
 e - a +0 plate armour (worn)
 i - a +1 cloak (worn)
 j - a +1 pair of gloves (worn)
 s - a +1 helmet (worn)
 v - the +3 ring mail of Fowk {rF+ Str+4}
   (You found it on level 8 of the Dungeon)

   Str:       It affects your strength (+4).
   rF:        It protects you from fire.
Jewellery
 n - a ring of ice (right hand)
 p - a +4 ring of evasion (left hand)
Scrolls
 b - 2 scrolls of identify
 w - a scroll of teleportation
Potions
 a - a potion of invisibility {unknown}
 d - a potion of might
 f - 4 potions of mutation
 h - a potion of haste
 m - a potion of lignification {unknown}
 r - 3 potions of heal wounds
 t - 2 potions of magic
 x - a potion of flight {unknown}

Dungeon Overview and Level Annotations

Branches:
Dungeon (8/15)             Temple (1/1) D:5           Sewer (visited)
   Lair: D:8-11

Altars:
Ashenzari
Dithmenos
Elyvilon
Fedhas
Gozag
Hepliaklqana
Kikubaaqudgha
Makhleb
Nemelex Xobeh
Okawaru
Qazlal
Ru
Sif Muna
Trog
Uskayaw
Vehumet
Wu Jian
Xom
Yredelemnul
The Shining One

Shops:
D:7 [

Annotations:
D:5 3 runed translucent doors, qw's ghost, amateur GrFi; qw's ghost, novice GrFi


Message History

Something tries to affect you, but you resist.
You're too confused to attack without stumbling around!
There is a strange disturbance nearby!
Something hits you! Something bites you!
You're too confused to attack without stumbling around!
There is a strange disturbance nearby!
Something hits you but does no damage. Something bites you but does no damage.
You're too confused to attack without stumbling around!
There is a strange disturbance nearby!
Something hits you but does no damage. Something bites you but does no damage.
You're too confused to attack without stumbling around!
There is a strange disturbance nearby!
You hear some strange, mumbled words.
You are more confused.
You're too confused to attack without stumbling around!
There is a strange disturbance nearby!
Something hits you but does no damage. Something bites you but does no damage.
You're too confused to attack without stumbling around!
There is a strange disturbance nearby!
Something hits you. Something barely misses you.
You're too confused to attack without stumbling around!
There is a strange disturbance nearby!
You hear some strange, mumbled words.
You are more confused.
You're too confused to attack without stumbling around!
There is a strange disturbance nearby!
Something hits you! Something bites you but does no damage.
You're too confused to attack without stumbling around!
There is a strange disturbance nearby!
Something hits you. Something bites you but does no damage.
You're too confused to attack without stumbling around!
There is a strange disturbance nearby!
Something hits you but does no damage. Something bites you but does no damage.
You're too confused to attack without stumbling around!
There is a strange disturbance nearby!
Something hits you but does no damage. Something bites you but does no damage.
You're too confused to attack without stumbling around!
There is a strange disturbance nearby!
Something hits you but does no damage. Something bites you.
You die...

.. .# # .. #. #. ##..##.
.......#########
#.....{.......#
#.#.##@.#..##.#
#.#.#..###..#.#
#.#...#####...# #.#..#
#.###..# #...###._ ##.#
###########.#..#'# ##..#
.....>......##.)## ##...#
###############..###..#.#
##).#..##.#


There were no monsters in sight!

Vanquished Creatures
  Erica (D:8)
  Maggie (D:8)
  A kobold demonologist (D:7)
  2 wyverns (D:7)
  A steam dragon (D:7)
  2 water moccasins (D:6)
  3 ice beasts
  3 black bears
  4 ogres
  2 phantoms
  2 centaurs
  A bullfrog (D:8)
  A necrophage (D:2)
  2 scorpions
  4 killer bees (D:5)
  A howler monkey (D:6)
  2 hounds
  3 jellies
  5 orc priests
  5 iguanas
  4 orc wizards
  A hell rat (Sewer)
  8 gnolls
  3 adders
  2 river rats (Sewer)
  2 shadow imps (D:7)
  2 white imps
  3 ufetubi
  A worm (D:4)
  5 dart slugs
  49 orcs
  11 endoplasms
  4 giant cockroaches
  8 goblins
  13 hobgoblins
  10 jackals
  6 kobolds
  6 quokkas
  7 ball pythons
  5 bats
  A frilled lizard (D:3)
  12 rats
209 creatures vanquished.

Vanquished Creatures (others)
  4 withered plants (D:5)
4 creatures vanquished.

Grand Total: 213 creatures vanquished

Notes
Turn   | Place    | Note
-------+----------+-------------------------------------------
     0 | D:1      | qw the Gargoyle Fighter began the quest for the Orb.
     0 | D:1      | Reached XP level 1. HP: 14/14 MP: 1/1
     0 | D:1      | 0 ||| qw: Version: 0.2-a-12-gaebbb33
     0 | D:1      | 0 ||| qw: Game counter: 761
     0 | D:1      | 0 ||| qw: Always use a shield: true
     0 | D:1      | 0 ||| qw: God list: Okawaru
     0 | D:1      | 0 ||| qw: Allow faded altars: false
     0 | D:1      | 0 ||| qw: Do Orc after D:15 true
     0 | D:1      | 0 ||| qw: Do second Lair branch before Depths: true
     0 | D:1      | 0 ||| qw: Lair rune preference: random
     0 | D:1      | 0 ||| qw: Plans: Normal, Zot:1-4, God:TSO, Crypt, Tomb,
                  | Pan, Slime:5, Hells, Abyss, Orb
     0 | D:1      | 0 ||| PLANNING D:1-11
   126 | D:1      | 126 ||| Stepping ~*~*~tactically~*~*~ (stealth).
   131 | D:1      | Reached skill level 2 in Axes
   138 | D:1      | Reached XP level 2. HP: 19/19 MP: 2/2
   253 | D:1      | 253 ||| Stepping ~*~*~tactically~*~*~ (stealth).
   505 | D:1      | 505 ||| Stepping ~*~*~tactically~*~*~ (stealth).
   586 | D:1      | Reached skill level 3 in Axes
   877 | D:1      | Reached XP level 3. HP: 23/23 MP: 3/3
  1365 | D:1      | 1365 ||| UPGRADING to +0 plate armour.
  1375 | D:1      | 1375 ||| DROPPING +0 scale mail.
  1376 | D:1      | 1376 ||| UPGRADING to +0 pair of gloves.
  1381 | D:1      | 1381 ||| READING scroll labelled JOCSUU WIPEGUD.
  1382 | D:1      | 1382 ||| READING scroll labelled PIVIYRA KAXA.
  1415 | D:2      | 1415 ||| Stepping ~*~*~tactically~*~*~ (stealth).
  1424 | D:2      | Found a faded altar of an unknown god.
  1430 | D:2      | 1430 ||| Stepping randomly (stuck).
  1435 | D:2      | Reached skill level 1 in Throwing
  1436 | D:2      | Noticed a golden eye
  1436 | D:2      | Noticed a floating eye
  1437 | D:2      | Noticed a floating eye
  1437 | D:2      | Noticed a shining eye
  1556 | D:2      | Noticed a necrophage
  1569 | D:2      | Killed a necrophage
  1570 | D:2      | Reached skill level 4 in Axes
  1570 | D:2      | Reached XP level 4. HP: 23/28 MP: 4/4
  1570 | D:2      | 1570 ||| FLEEEEING.
  1571 | D:2      | 1571 ||| FLEEEEING.
  1572 | D:2      | 1572 ||| FLEEEEING.
  1573 | D:2      | 1573 ||| FLEEEEING.
  1579 | D:2      | 1579 ||| FLEEEEING.
  1580 | D:2      | 1580 ||| FLEEEEING.
  1581 | D:2      | 1581 ||| FLEEEEING.
  1582 | D:2      | 1582 ||| FLEEEEING.
  1583 | D:2      | 1583 ||| FLEEEEING.
  1587 | D:2      | 1587 ||| FLEEEEING.
  1588 | D:2      | 1588 ||| FLEEEEING.
  1589 | D:2      | 1589 ||| FLEEEEING.
  1590 | D:2      | 1590 ||| FLEEEEING.
  1599 | D:2      | 1599 ||| FLEEEEING.
  1600 | D:2      | 1600 ||| FLEEEEING.
  1601 | D:2      | 1601 ||| FLEEEEING.
  1782 | D:2      | Reached XP level 5. HP: 29/32 MP: 5/5
  2270 | D:2      | 2270 ||| DROPPING +6 ring of intelligence.
  2271 | D:2      | 2271 ||| UPGRADING to +4 ring of evasion.
  2272 | D:2      | 2272 ||| READING scroll labelled JIPUST SOUPH.
  2273 | D:2      | 2273 ||| READING scroll labelled COAPLUSYIRU.
  2274 | D:2      | 2274 ||| DRINKING 2 grey potions.
  2308 | D:3      | 2308 ||| PLANNING SEWER
  2312 | D:3      | 2312 ||| Stepping ~*~*~tactically~*~*~ (stealth).
  2313 | D:3      | 2313 ||| Stepping ~*~*~tactically~*~*~ (stealth).
  2327 | D:3      | 2327 ||| DROPPING +0 club.
  2446 | D:3      | Found an ornate altar of the Wu Jian Council.
  2524 | D:3      | Found an opulent altar of Gozag.
  2568 | D:3      | 2568 ||| Stepping ~*~*~tactically~*~*~ (hiding).
  2730 | D:3      | 2730 ||| Stepping ~*~*~tactically~*~*~ (stealth).
  2750 | D:3      | 2750 ||| Stepping ~*~*~tactically~*~*~ (stealth).
  2753 | D:3      | 2753 ||| Stepping ~*~*~tactically~*~*~ (stealth).
  2763 | D:3      | 2763 ||| Stepping ~*~*~tactically~*~*~ (stealth).
  2772 | D:3      | 2772 ||| Stepping ~*~*~tactically~*~*~ (stealth).
  2773 | D:3      | 2773 ||| Stepping ~*~*~tactically~*~*~ (stealth).
  2782 | D:3      | 2782 ||| Stepping ~*~*~tactically~*~*~ (stealth).
  2783 | D:3      | 2783 ||| Stepping ~*~*~tactically~*~*~ (stealth).
  2784 | D:3      | 2784 ||| Stepping ~*~*~tactically~*~*~ (hiding).
  2785 | D:3      | 2785 ||| Stepping ~*~*~tactically~*~*~ (hiding).
  2802 | D:3      | Found a glowing drain.
  2804 | D:3      | 2804 ||| UPGRADING to +1 cloak.
  2809 | D:3      | 2809 ||| READING 2 scrolls labelled YFFUAL QIQITOE.
  2910 | D:3      | 2910 ||| READING scroll labelled YTZIUSEM PAIRO.
  2910 | D:3      | Identified a scroll of acquirement
  2910 | D:3      | 2910 ||| ACQUIRING +6 war axe of Jaczuugg {venom, rF- rC+
                  | Str+4 Dex+6}
  2910 | D:3      | Acquired the +6 war axe of Jaczuugg {venom, rF- rC+ Str+4
                  | Dex+6}
  2912 | D:3      | 2912 ||| SWAPPING to +6 war axe of Jaczuugg {venom, rF- rC+
                  | Str+4 Dex+6}.
  2913 | D:3      | 2913 ||| UPGRADING to ring of ice.
  2914 | D:3      | 2914 ||| READING 3 scrolls of identify.
  2914 | D:3      | 2914 ||| IDENTIFYING golden potion
  2915 | D:3      | 2915 ||| READING 2 scrolls of identify.
  2915 | D:3      | 2915 ||| IDENTIFYING clear potion
  2916 | D:3      | 2916 ||| DROPPING potion of degeneration.
  2917 | D:3      | 2917 ||| DROPPING scroll of silence.
  2926 | Sewer    | Entered a sewer
  2928 | Sewer    | 2928 ||| Stepping ~*~*~tactically~*~*~ (stealth).
  2996 | Sewer    | Reached skill level 1 in Dodging
  3084 | Sewer    | 3084 ||| READING scroll labelled GIYZUS VARCH.
  3085 | Sewer    | 3085 ||| DRINKING 2 viscous red potions.
  3086 | Sewer    | 3086 ||| READING 3 scrolls of identify.
  3086 | Sewer    | 3086 ||| IDENTIFYING lumpy green potion
  3087 | Sewer    | 3087 ||| READING 2 scrolls of identify.
  3087 | Sewer    | 3087 ||| IDENTIFYING sapphire potion
  3088 | Sewer    | 3088 ||| DROPPING potion of brilliance.
  3089 | Sewer    | 3089 ||| DROPPING potion of magic.
  3094 | D:3      | 3094 ||| PLANNING D:1-11
  3395 | D:3      | Found a faded altar of an unknown god.
  3578 | D:3      | 3578 ||| READING scroll labelled ZEGAGY NATOF.
  3659 | D:4      | Noticed an ogre
  3666 | D:4      | Killed an ogre
  3667 | D:4      | Reached skill level 5 in Axes
  3667 | D:4      | Reached XP level 6. HP: 19/37 MP: 6/6
  3899 | D:4      | 3899 ||| Stepping ~*~*~tactically~*~*~ (hiding).
  4048 | D:4      | 4048 ||| Stepping ~*~*~tactically~*~*~ (stealth).
  4135 | D:4      | Found a bloodstained altar of Trog.
  4352 | D:4      | 4352 ||| READING scroll labelled MYHUOSK DULU.
  4353 | D:4      | 4353 ||| READING 2 scrolls of identify.
  4353 | D:4      | 4353 ||| IDENTIFYING brown potion
  4397 | D:4      | 4397 ||| STAIRDANCE
  4398 | D:3      | Found a shadowy altar of Dithmenos.
  4453 | D:5      | Entered Level 5 of the Dungeon
  4467 | D:5      | Reached XP level 7. HP: 39/44 MP: 7/7
  4500 | D:5      | Found a runed translucent gate.
  4500 | D:5      | Found a runed translucent gate.
  4500 | D:5      | Found a runed translucent gate.
  4504 | D:5      | Noticed qw's ghost (novice GrFi)
  4504 | D:5      | Noticed qw's ghost (amateur GrFi)
  4504 | D:5      | Noticed qw's ghost (novice GrFi)
  4518 | D:5      | Found a white marble altar of Elyvilon.
  4523 | D:5      | Reached skill level 6 in Axes
  4541 | D:5      | 4541 ||| Stepping ~*~*~tactically~*~*~ (stealth).
  4542 | D:5      | Found a broken altar of Ashenzari.
  4546 | D:5      | 4546 ||| Stepping ~*~*~tactically~*~*~ (hiding).
  4547 | D:5      | 4547 ||| Stepping ~*~*~tactically~*~*~ (hiding).
  4548 | D:5      | 4548 ||| Stepping ~*~*~tactically~*~*~ (hiding).
  4600 | D:5      | 4600 ||| Stepping ~*~*~tactically~*~*~ (stealth).
  4606 | D:5      | Reached skill level 7 in Axes
  4607 | D:5      | Reached XP level 8. HP: 35/48 MP: 8/8
  4695 | D:5      | 4695 ||| DROPPING +0 whip.
  4767 | D:5      | 4767 ||| Stepping ~*~*~tactically~*~*~ (hiding).
  4909 | D:5      | Found a burning altar of Makhleb.
  4929 | D:5      | Found an ancient bone altar of Kikubaaqudgha.
  5185 | D:5      | Found a staircase to the Ecumenical Temple.
  5186 | D:5      | 5186 ||| PLANNING TEMPLE
  5186 | D:5      | 5186 ||| READING scroll labelled LUTOIPPOEDIE.
  5187 | D:5      | 5187 ||| READING scroll labelled QOODIYTISCH.
  5196 | Temple   | Entered the Ecumenical Temple
  5197 | Temple   | 5197 ||| PLANNING OKAWARU WORSHIP
  5211 | Temple   | Became a worshipper of Warmaster Okawaru
  5212 | Temple   | 5212 ||| PLANNING D:1-11
  5317 | D:6      | 5317 ||| Stepping ~*~*~tactically~*~*~ (hiding).
  5344 | D:6      | Reached skill level 8 in Axes
  5352 | D:6      | 5352 ||| Stepping ~*~*~tactically~*~*~ (stealth).
  5355 | D:6      | 5355 ||| Stepping ~*~*~tactically~*~*~ (stealth).
  5368 | D:6      | 5368 ||| FLEEEEING.
  5369 | D:6      | 5369 ||| FLEEEEING.
  5370 | D:6      | 5370 ||| FLEEEEING.
  5371 | D:6      | 5371 ||| FLEEEEING.
  5372 | D:6      | 5372 ||| STAIRDANCE
  5539 | D:6      | 5539 ||| DROPPING +0 flail.
  5558 | D:6      | Found a glowing golden altar of the Shining One.
  5648 | D:6      | Found a stormy altar of Qazlal.
  5677 | D:6      | 5677 ||| Stepping ~*~*~tactically~*~*~ (stealth).
  5688 | D:6      | Reached skill level 6 in Fighting
  5806 | D:6      | Found a basalt altar of Yredelemnul.
  6079 | D:6      | Found a hazy altar of Hepliaklqana.
  6083 | D:6      | Reached * piety under Okawaru
  6084 | D:6      | Reached XP level 9. HP: 48/55 MP: 9/9
  6301 | D:6      | 6301 ||| READING 2 scrolls of identify.
  6301 | D:6      | 6301 ||| IDENTIFYING emerald potion
  6302 | D:6      | 6302 ||| DROPPING potion of berserk rage.
  6303 | D:6      | 6303 ||| READING scroll of teleportation.
  6309 | D:6      | 6309 ||| Stepping randomly (stuck).
  6310 | D:6      | 6310 ||| Stepping randomly (stuck).
  6311 | D:6      | 6311 ||| Stepping randomly (stuck).
  6312 | D:6      | 6312 ||| Stepping randomly (stuck).
  6313 | D:6      | 6313 ||| Stepping randomly (stuck).
  6314 | D:6      | 6314 ||| Stepping randomly (stuck).
  6315 | D:6      | 6315 ||| Stepping randomly (stuck).
  6316 | D:6      | 6316 ||| INVOKING Heroism.
  6500 | D:7      | 6500 ||| Stepping ~*~*~tactically~*~*~ (stealth).
  6508 | D:7      | Reached skill level 1 in Invocations
  6509 | D:7      | 6509 ||| Stepping ~*~*~tactically~*~*~ (hiding).
  6511 | D:7      | 6511 ||| Stepping ~*~*~tactically~*~*~ (hiding).
  6527 | D:7      | 6527 ||| INVOKING Heroism.
  6528 | D:7      | 6528 ||| Stepping ~*~*~tactically~*~*~ (hiding).
  6530 | D:7      | 6530 ||| Stepping ~*~*~tactically~*~*~ (hiding).
  6530 | D:7      | Noticed a kobold demonologist
  6531 | D:7      | 6531 ||| Stepping ~*~*~tactically~*~*~ (hiding).
  6550 | D:7      | Noticed a smoke demon
  6551 | D:7      | 6551 ||| INVOKING Heroism.
  6554 | D:7      | Reached skill level 3 in Invocations
  6558 | D:7      | Noticed a sixfirhy
  6560 | D:7      | Noticed an ice devil
  6564 | D:7      | Noticed a red devil
  6564 | D:7      | Killed a kobold demonologist
  6565 | D:7      | Reached skill level 9 in Axes
  6597 | D:7      | 6597 ||| FLEEEEING.
  6598 | D:7      | 6598 ||| FLEEEEING.
  6600 | D:7      | 6600 ||| STAIRDANCE
  6743 | D:7      | Found a shimmering altar of Xom.
  6828 | D:7      | 6828 ||| Stepping ~*~*~tactically~*~*~ (stealth).
  6855 | D:7      | 6855 ||| Stepping ~*~*~tactically~*~*~ (hiding).
  6857 | D:7      | 6857 ||| FLEEEEING.
  6863 | D:7      | Reached ** piety under Okawaru
  6877 | D:7      | 6877 ||| FLEEEEING.
  6878 | D:7      | 6878 ||| FLEEEEING.
  6879 | D:7      | 6879 ||| FLEEEEING.
  6880 | D:7      | 6880 ||| INVOKING Heroism.
  7168 | D:7      | Found Cekobbups's Armour Shoppe.
  7173 | D:7      | 7173 ||| BUYING +1 helmet (138 gold).
  7173 | D:7      | Bought a +1 helmet for 138 gold pieces
  7173 | D:7      | 7173 ||| SHOPLISTING +3 plate armour of cold resistance
                  | (540 gold, have 59).
  7305 | D:7      | Reached skill level 6 in Armour
  7446 | D:7      | 7446 ||| UPGRADING to +1 helmet.
  7592 | D:7      | 7592 ||| STAIRDANCE
  7594 | D:6      | 7594 ||| INVOKING Heroism.
  7691 | D:8      | Noticed Erica
  7692 | D:8      | 7692 ||| INVOKING Heroism.
  7705 | D:8      | 7705 ||| INVOKING Heroism.
  7705 | D:8      | HP: 13/56 [orc/+0 mace (4)]
  7706 | D:8      | 7706 ||| DRINKING 3 potions of heal wounds.
  7708 | D:8      | Killed Erica
  7709 | D:8      | Reached XP level 10. HP: 40/65 MP: 10/13
  7721 | D:8      | 7721 ||| INVOKING Heroism.
  7746 | D:8      | 7746 ||| INVOKING Heroism.
  7758 | D:8      | 7758 ||| Stepping ~*~*~tactically~*~*~ (hiding).
  7874 | D:8      | 7874 ||| DROPPING +0 morningstar.
  7953 | D:8      | 7953 ||| Stepping ~*~*~tactically~*~*~ (stealth).
  7955 | D:8      | Noticed Maggie
  7956 | D:8      | 7956 ||| Stepping ~*~*~tactically~*~*~ (hiding).
  7968 | D:8      | 7968 ||| DRINKING 2 potions of curing.
  7968 | D:8      | 7968 ||| (to cure confusion)
  7970 | D:8      | Killed Maggie
  7972 | D:8      | 7972 ||| Stepping ~*~*~tactically~*~*~ (stealth).
  8036 | D:8      | Identified the +3 ring mail of Fowk {rF+ Str+4}
  8074 | D:8      | 8074 ||| READING scroll of enchant armour.
  8074 | D:8      | 8074 ||| ENCHANTING +0 pair of gloves.
  8113 | D:8      | Found a sparkling altar of Nemelex Xobeh.
  8140 | D:8      | 8140 ||| DRINKING potion of curing.
  8140 | D:8      | 8140 ||| (to cure confusion)
  8159 | D:8      | HP: 15/65 [something (7)]
  8164 | D:8      | HP: 12/65 [something (4)]
  8166 | D:8      | HP: 5/65 [something (7)]
  8167 | D:8      | HP: 2/65 [something (3)]
  8170 | D:8      | Slain by a vampire

Levels and vault maps discovered:
D:1:      ebering_hopf_link, layout_basic, kennysheep_boxes
D:2:      layout_loops_ring, hellmonk_ecumenical_altar_watching_god,
          dk_noncrumbling_3
D:3:      layout_basic, nicolae_wu_jian_wuxing_cycle,
          nicolae_overflow_ecumenical_swirl, grunt_gozag_breadcrumbs,
          portal_sewer_entry_a, nrook_mini_vaults,
          chequers_serial_rivers_large_a, minmay_increasing_density
D:4:      layout_basic, nicolae_overflow_crystal_walls
D:5:      layout_cave_pools, mainiacjoe_overflow_six_doors_small,
          general_overflow_altar, bloody_makhleb, evilmike_ruin_ashenzari,
          minmay_temple_entry_poolview, gammafunk_ghost_cemetery,
          item_on_display_a
D:6:      layout_basic, mainiacjoe_overflow_concentric_impassable,
          lemuel_tele_altar, mainiacjoe_overflow_swirl, kennysheep_minor_cross
D:7:      layout_loops_ring, xom_confusion_cloud, serial_shops,
          kennysheep_little_box, st_stairs_13, nicolae_fountain_basement
D:8:      layout_loops_ring, nemelex_diamond_rough_becter, special_room
          [special_room_orc], minivault_12, uniq_erica, uniq_maggie
Temple:   hellmonk_temple_two_chambers

Skill      XL: |  1  2  3  4  5  6  7  8  9 |
---------------+----------------------------+-----
Axes           | 2 3 4 5 7 8 9 |  9.4
Throwing       | 1 2 |  2.0
Dodging        | 1 2 |  2.1
Fighting       | 4 6 8 |  8.4
Armour         | 4 5 6 |  6.3
Invocations    | 4 |  4.0
Shields        | 4 |  4.3

Action                   |  1- 3 |  4- 6 |  7- 9 | 10-12 || total
-------------------------+-------+-------+-------+-------++-------
Melee: War axe           |    82 |   112 |   152 |    43 ||   389
Throw: Javelin           |    11 |    56 |    28 |     9 ||   104
       Boomerang         |       |     3 |     7 |     4 ||    14
Invok: Heroism           |       |       |     7 |     2 ||     9
  Use: Scroll            |     2 |    12 |     4 |     1 ||    19
       Potion            |       |     2 |     1 |     2 ||     5
Armor: Scale mail        |    29 |       |       |       ||    29
       Plate armour      |    10 |    55 |    92 |    37 ||   194
Dodge: Dodged            |    44 |    45 |   101 |    15 ||   205
Block: Buckler           |    14 |    19 |    40 |     6 ||    79

Table legend:
 A = Non-vault XP
 B = Vault XP
 C = Vault XP percentage of total XP
 D = Non-vault monster count
 E = Vault monster count
 F = Vault count percentage of total count
                 A         B        C        D         E       F
            +---------+---------+-------+---------+---------+-------
      Total |    3438 |    2492 |  42.0 |     149 |      60 |  28.7
            +---------+---------+-------+---------+---------+-------
        D:1 |      48 |       0 |   0.0 |      25 |       0 |   0.0
        D:2 |     138 |       0 |   0.0 |      20 |       0 |   0.0
        D:3 |      35 |      20 |  36.4 |      19 |      11 |  36.7
        D:4 |     286 |       0 |   0.0 |      22 |       0 |   0.0
        D:5 |    1155 |       0 |   0.0 |      25 |       0 |   0.0
        D:6 |     778 |     114 |  12.8 |      16 |       1 |   5.9
        D:7 |     816 |     959 |  54.0 |      10 |      14 |  58.3
        D:8 |     182 |    1338 |  88.0 |      12 |      28 |  70.0
      Sewer |       0 |      61 | 100.0 |       0 |       6 | 100.0
            +---------+---------+-------+---------+---------+-------
